 Dungeon Crawl Stone Soup version 0.30-a0-739-gea05faddec (webtiles) character file.

Game seed: 2590987654268396763

863 kingofthe the Chopper (level 8, -1/67 HPs)
             Began as a Gnoll Chaos Knight on Feb 4, 2023.
             Was a Plaything of Xom.
             Killed from afar by an orc wizard (8 damage)
             ... with a puff of flame
             ... on level 5 of the Dungeon.
             The game lasted 00:10:06 (3845 turns).

kingofthe the Chopper (Gnoll Chaos Knight)          Turns: 3845, Time: 00:10:06

Health: -1/67      AC:  8    Str: 17    XL:     8   Next: 2%
Magic:  0/12       EV: 12    Int: 11    God:    Xom [..*...]
Gold:   152        SH:  5    Dex: 15    Spells: 13/13 levels left

rFire   . . .      SeeInvis .    b - +1 dagger (elec)
rCold   . . .      Faith    .    f - +0 buckler
rNeg    + . .      Spirit   +    x - +2 leather armour
rPois   .          Reflect  .    t - +0 helmet
rElec   .          Harm     .    (no cloak)
rCorr   .          Rampage  .    w - +0 pair of gloves
Will    .....                    (no boots)
Stlth   ++                       s - amulet of guardian spirit
HPRegen 0.31/turn                F - ring of positive energy
MPRegen 0.13/turn                y - +6 ring of strength

@: lethally poisoned (-1 -> -15)
A: fangs 1, strong nose, distributed training
a: Renounce Religion


You were on level 5 of the Dungeon.
You worshipped Xom.
You were a toy of Xom.
You visited 1 branch of the dungeon, and saw 5 of its levels.

You collected 152 gold pieces.

Inventory:

Hand Weapons
 a - a +0 hand axe of chaos
 b - a +1 dagger of electrocution (weapon)
 G - a +1 dagger of speed
Armour
 f - a +0 buckler (worn)
 t - a +0 helmet (worn)
 w - a +0 pair of gloves (worn)
 x - a +2 leather armour (worn)
Magical Staves
 I - a staff of air
Jewellery
 s - an amulet of guardian spirit (around neck)
 u - a ring of wizardry
 y - a +6 ring of strength (right hand)
 F - a ring of positive energy (left hand)
Wands
 r - a wand of paralysis (7)
 C - a wand of flame (4)
 H - a wand of mindburst (12)
Scrolls
 d - a scroll of blinking {unknown}
 e - 2 scrolls of brand weapon {unknown}
 i - 5 scrolls of identify
 j - a scroll of vulnerability {unknown}
 k - 2 scrolls of amnesia {unknown}
 n - a scroll of noise {unknown}
 p - a scroll of enchant armour {unknown}
 q - 2 scrolls of silence {unknown}
 z - a scroll of enchant weapon {unknown}
 A - a scroll of summoning {unknown}
 B - a scroll of poison {unknown}
Potions
 g - a potion of might
 h - 5 potions of curing
 l - 3 potions of haste {unknown}
 m - a potion of lignification {unknown}
 o - a potion of ambrosia {unknown}
 v - a potion of degeneration {unknown}
 D - a potion of invisibility {unknown}
 E - a potion of heal wounds {unknown}
 J - a potion of attraction {unknown}
Miscellaneous
 c - a piece from Xom's chessboard (11/15) (quivered)


   Skills:
 + Level 7.2 Fighting
 + Level 3.0 Short Blades
 + Level 3.0 Long Blades
 + Level 7.2 Axes
 + Level 3.0 Maces & Flails
 + Level 3.0 Polearms
 + Level 3.0 Staves
 + Level 3.0 Ranged Weapons
 + Level 3.0 Throwing
 + Level 5.5 Armour
 + Level 4.0 Dodging
 + Level 3.0 Stealth
 + Level 3.0 Shields
 + Level 3.0 Unarmed Combat
 + Level 3.0 Spellcasting
 + Level 2.4 Conjurations
 + Level 2.4 Hexes
 + Level 2.4 Summonings
 + Level 2.4 Necromancy
 + Level 2.4 Translocations
 + Level 2.4 Transmutations
 + Level 2.4 Fire Magic
 + Level 2.4 Ice Magic
 + Level 2.4 Air Magic
 + Level 2.4 Earth Magic
 + Level 2.4 Poison Magic
 + Level 3.3 Invocations
 + Level 3.0 Evocations


You had 13 spell levels left.
You didn't know any spells.
Your spell library was empty.

Dungeon Overview and Level Annotations

Branches:
Dungeon (5/15)
 Temple: D:4-7

Altars:
Ashenzari
Qazlal


Innate Abilities, Weirdness & Mutations

You have very sharp teeth.
Your uncanny sense of smell can sniff out nearby items.
Your experience applies equally to all skills.


Message History

* * * LOW HITPOINT WARNING * * *
You barely miss the orc.
The orc is moderately wounded.
The orc barely misses you.
Something barely misses the orc priest.
You hit the orc. Lightning courses through the orc!!
You kill the orc!
Something hits the orc wizard.
The adder closely misses you.
You closely miss the adder. You block the adder's attack.
You hit the adder but do no damage. The adder bites you but does no damage.
An orc priest comes into view. It is wielding a +0 hand axe.
The orc priest shouts!
You hit the adder but do no damage. Your bite misses the adder.
The adder misses you.
You closely miss the adder. The adder bites you but does no damage.
You hit the adder. Lightning courses through the adder!
You kill the adder!
The orc priest calls down the wrath of Beogh upon you.
You struggle to resist.
You hit the orc wizard.
The orc wizard is heavily wounded.
The orc priest calls upon Beogh to heal the orc wizard.
The orc wizard is healed somewhat.
The orc wizard hits you but does no damage.
You are poisoned.
You barely miss the orc wizard.
The orc wizard is lightly wounded.
You feel sick.
The orc wizard hits you but does no damage.
You are more poisoned.
You closely miss the orc wizard.
The orc wizard is lightly wounded.
* * * LOW HITPOINT WARNING * * *
You feel very sick.
The orc priest calls down the wrath of Beogh upon you.
Beogh smites you!
* * * LOW HITPOINT WARNING * * *
The orc wizard gestures at you while chanting.
The puff of flame hits you!
You die...
Xom roars with laughter!

* * * ##.######## ,
, ,,.......... *, ,
, #.#...#.# * ,,
*,**#.......#, ***
#.......#. , ,.
**,* #..o...... *
*#..##, #..)....#.
,......###oo....##
#......@ooo.......
*#.....######..####
#....,, ,, ,..#
,.... ,** *..# *
*#.# * *,,..# #.
*.* * * * , * #.# ,
* ,, * ,* ##.# ,*
,* ** ,, ..# , * *
,,* *,.#####.##


You could see 3 orc priests, an orc wizard (misshapen) and 2 orcs.

Vanquished Creatures
  A water moccasin (D:5)
  A scorpion (D:4)
  A bullfrog (D:4)
  A howler monkey (D:4)
  A hound (D:5)
  A jelly (D:4)
  3 orc priests
  An orc wizard (D:4)
  Natasha (twice) (D:3)
  5 adders
  4 gnolls (D:2)
  2 worms
  2 dart slugs
  9 orcs
  6 ball pythons
  6 endoplasms
  A giant cockroach (D:1)
  10 goblins
  9 hobgoblins
  7 jackals
  A quokka (D:1)
  2 bats
  6 frilled lizards
  9 kobolds
  2 rats
93 creatures vanquished.

Vanquished Creatures (collateral kills)
  Sigmund (D:3)
  Natasha (D:3)
  An orc (D:3)
  A bat (D:3)
  A frilled lizard (D:3)
5 creatures vanquished.

Grand Total: 98 creatures vanquished

Notes
Turn   | Place    | Note
-------+----------+-------------------------------------------
     0 | D:1      | kingofthe the Gnoll Chaos Knight began the quest for the
                  | Orb.
     0 | D:1      | Reached XP level 1. HP: 23/23 MP: 1/1
    62 | D:1      | XOM: silly message
    65 | D:1      | Reached XP level 2. HP: 28/29 MP: 2/2
   150 | D:1      | XOM: silly message
   178 | D:1      | XOM: silly message
   483 | D:2      | Reached XP level 3. HP: 24/35 MP: 2/4
   559 | D:2      | Reached skill level 1 in Invocations
   661 | D:2      | Reached skill level 1 in Short Blades
   661 | D:2      | Reached skill level 1 in Long Blades
   661 | D:2      | Reached skill level 1 in Maces & Flails
   661 | D:2      | Reached skill level 1 in Polearms
   661 | D:2      | Reached skill level 1 in Staves
   661 | D:2      | Reached skill level 1 in Ranged Weapons
   661 | D:2      | Reached skill level 1 in Throwing
   661 | D:2      | Reached skill level 1 in Stealth
   661 | D:2      | Reached skill level 1 in Shields
   661 | D:2      | Reached skill level 1 in Unarmed Combat
   661 | D:2      | Reached skill level 1 in Spellcasting
   661 | D:2      | Reached skill level 1 in Evocations
   716 | D:2      | XOM: divination: magic mapping
   721 | D:2      | Reached XP level 4. HP: 34/41 MP: 5/5
   749 | D:2      | Reached skill level 1 in Conjurations
   749 | D:2      | Reached skill level 1 in Hexes
   749 | D:2      | Reached skill level 1 in Summonings
   749 | D:2      | Reached skill level 1 in Necromancy
   749 | D:2      | Reached skill level 1 in Translocations
   749 | D:2      | Reached skill level 1 in Transmutations
   749 | D:2      | Reached skill level 1 in Fire Magic
   749 | D:2      | Reached skill level 1 in Ice Magic
   749 | D:2      | Reached skill level 1 in Air Magic
   749 | D:2      | Reached skill level 1 in Earth Magic
   749 | D:2      | Reached skill level 1 in Poison Magic
   829 | D:2      | You fall into a shaft and drop 2 floors!
   830 | D:4      | fuck
   859 | D:4      | Reached XP level 5. HP: 47/47 MP: 5/7
   998 | D:4      | XOM: cast spell 'Call Canine Familiar'
  1064 | D:4      | Reached skill level 5 in Armour
  1064 | D:4      | Reached XP level 6. HP: 50/53 MP: 8/8
  1261 | D:4      | XOM: 6-stop teleportation journey
  1574 | D:3      | XOM: 3-stop teleportation journey
  1768 | D:2      | Found a faded altar of an unknown god.
  1875 | D:2      | XOM: noise
  1949 | D:3      | Noticed Natasha
  1952 | D:3      | XOM: noise
  1953 | D:3      | Noticed Sigmund
  1962 | D:3      | XOM: summons 4 friendly demons
  1967 | D:3      | Killed Natasha
  1984 | D:3      | Killed Sigmund
  1985 | D:3      | Reached XP level 7. HP: 48/60 MP: 10/10
  2021 | D:3      | XOM: 7-stop teleportation journey
  2080 | D:3      | Noticed Natasha
  2096 | D:3      | Killed Natasha
  2192 | D:3      | Noticed Natasha
  2217 | D:3      | Killed Natasha
  2364 | D:3      | Found a stormy altar of Qazlal.
  2882 | D:4      | Found a broken altar of Ashenzari.
  2882 | D:4      | XOM: 8-stop teleportation journey
  3481 | D:5      | Entered Level 5 of the Dungeon
  3654 | D:5      | XOM is BORED!
  3654 | D:5      | XOM: silly message
  3813 | D:5      | XOM: 1-stop teleportation journey
  3824 | D:5      | XOM: divination: magic mapping
  3831 | D:5      | XOM: confuse monster(s)
  3834 | D:5      | Reached XP level 8. HP: 30/67 MP: 6/12
  3845 | D:5      | Killed from afar by an orc wizard

Illustrated notes

#.... ∆
.... ∆
.... #..#
#..# !.##
#..# #@.#
#.......#
##......#
#....#..
#..## #.#
#.# ## ##


Turn 830 on D:4: fuck

Levels and vault maps discovered:
D:1:      dpeg_arrival_leaves_temple_mockup, layout_rooms, grunt_decor_cap
D:2:      layout_rooms, dilly_ecumenical_altar_fadedgnrine
D:3:      layout_loops_ring, mainiacjoe_overflow_six_doors_small,
          grunt_decor_arrowhead, uniq_sigmund, uniq_natasha
D:4:      layout_layer_cave, ashenzari_conservatory_becter
D:5:      layout_loops_ring, minmay_liquid_box

Skill      XL: |  1  2  3  4  5  6  7 |
---------------+----------------------+-----
Invocations    | 1 2 3 |  3.3
Short Blades   | 1 2 3 |  3.0
Long Blades    | 1 2 3 |  3.0
Maces & Flails | 1 2 3 |  3.0
Polearms       | 1 2 3 |  3.0
Staves         | 1 2 3 |  3.0
Ranged Weapons | 1 2 3 |  3.0
Throwing       | 1 2 3 |  3.0
Stealth        | 1 2 3 |  3.0
Shields        | 1 2 3 |  3.0
Unarmed Combat | 1 2 3 |  3.0
Spellcasting   | 1 2 3 |  3.0
Evocations     | 1 2 3 |  3.0
Conjurations   | 1 2 |  2.4
Hexes          | 1 2 |  2.4
Summonings     | 1 2 |  2.4
Necromancy     | 1 2 |  2.4
Translocations | 1 2 |  2.4
Transmutations | 1 2 |  2.4
Fire Magic     | 1 2 |  2.4
Ice Magic      | 1 2 |  2.4
Air Magic      | 1 2 |  2.4
Earth Magic    | 1 2 |  2.4
Poison Magic   | 1 2 |  2.4
Dodging        | 3 4 |  4.0
Armour         | 5 |  5.5
Fighting       | 7 |  7.2
Axes           | 7 |  7.2

Action                     |  1- 3 |  4- 6 |  7- 9 || total
---------------------------+-------+-------+-------++-------
  Melee: Hand axe          |    97 |    95 |       ||   192
         Bite              |    10 |    13 |    16 ||    39
         Punch             |     1 |       |       ||     1
         Dagger            |       |    35 |   119 ||   154
  Evoke: Piece from Xom's  |       |     8 |     2 ||    10
         Wand              |       |     2 |       ||     2
    Use: Scroll            |     1 |       |       ||     1
   Stab: Confused          |       |     1 |     1 ||     2
         Paralysed         |       |     1 |       ||     1
         Sleeping          |       |       |     3 ||     3
 Armour: Leather armour    |    28 |    35 |    33 ||    96
  Dodge: Dodged            |    56 |    57 |    36 ||   149
  Block: Buckler           |    10 |    29 |    19 ||    58

Table legend: (Time is in decaauts)
 A = Elapsed time spent in this place.
 B = Non-inter-level travel time spent in this place.
 C = Inter-level travel time spent in this place.
 D = Time resting spent in this place.
 E = Time spent auto-exploring this place.
 F = Levels seen in this place.
 G = Mean time per level.
                   A        B        C        D        E       F      G
               +--------+--------+--------+--------+--------+-----+--------+
         Total |   3853 |   3725 |    128 |    561 |   2342 |   5 |  770.6 |
       Dungeon |   3853 |   3725 |    128 |    561 |   2342 |   5 |  770.6 |
               +--------+--------+--------+--------+--------+-----+--------+

Top non-repeatable levels by time:
     D:4: 1384 daAuts
     D:3: 937 daAuts
     D:2: 701 daAuts
     D:1: 475 daAuts
     D:5: 355 daAuts
